 Dungeon Crawl Stone Soup version 0.24.0-1-gfbc8707122 (console) character file.

Game seed: 791834786872414057, levelgen mode: deterministic

107 AlterAsc the Ruffian (level 4, -10/36 HPs)
             Began as a Draconian Transmuter on Oct 27, 2019.
             Mangled by an ogre
             ... wielding a +0 giant club
              (21 damage)
             ... on level 3 of the Dungeon.
             The game lasted 00:08:29 (2402 turns).

AlterAsc the Ruffian (Draconian Transmuter)         Turns: 2402, Time: 00:08:29

Health: -10/36     AC:  2    Str: 12    XL:     4   Next: 56%
Magic:  5/8        EV: 19    Int: 15    God:
Gold:   125        SH:  0    Dex: 16    Spells: 3/9 levels left

rFire    . . .     SeeInvis +     - Unarmed
rCold    . . .     Gourm    .   (shield currently unavailable)
rNeg     . . .     Faith    .   (armour unavailable)
rPois    x         Spirit   .   (helmet currently unavailable)
rElec    .         Reflect  .   (cloak currently unavailable)
rCorr    .         Harm     .   (gloves currently unavailable)
MR       .....                  (boots currently unavailable)
Stlth    +.........             (no amulet)
HPRegen  0.12/turn              s - ring of see invisible
MPRegen  0.11/turn              (no ring)

@: spider-form (expiring)
A: tiny, unfitting armour, AC +5
a: End Transformation


You were on level 3 of the Dungeon.
You were not hungry.
You were a venomous arachnid creature.
You visited 1 branch of the dungeon, and saw 4 of its levels.

You collected 125 gold pieces.

Inventory:

Missiles
 a - 8 arrows
Armour
 v - a +2 pair of gloves of dexterity (melded)
Jewellery
 s - a ring of see invisible (left front leg)
Wands
 w - a wand of disintegration (10)
Scrolls
 d - 2 scrolls of identify {unknown}
 e - 5 scrolls of fog {unknown}
 f - 3 scrolls of enchant armour {unknown}
 g - 2 scrolls of remove curse {unknown}
 h - a scroll of blinking {unknown}
 j - a scroll of noise {unknown}
 k - a scroll of amnesia {unknown}
 m - a scroll of enchant weapon {unknown}
 n - 2 scrolls of magic mapping {unknown}
 o - 2 scrolls of fear {unknown}
 p - a scroll of immolation {unknown}
 t - a scroll of teleportation {unknown}
Potions
 b - a potion of ambrosia {unknown}
 i - 2 potions of brilliance {unknown}
 l - 2 potions of curing {unknown}
 q - a potion of agility
 u - a potion of might {unknown}
Comestibles
 c - 2 rations


   Skills:
 + Level 2.1 Fighting
 - Level 2.0 Dodging
 + Level 3.5 Unarmed Combat
 * Level 3.0 Spellcasting
 * Level 3.0 Transmutations


You had 3 spell levels left.
You knew the following spells:

 Your Spells              Type           Power        Failure   Level  Hunger
a - Beastly Appendage     Tmut           ##....       16%         1    #......
b - Sticks to Snakes      Tmut           ##......     22%         2    ##.....
c - Spider Form           Tmut/Pois      #.........   54%         3    ###....

Your spell library contained the following spells:

 Spells                   Type           Power        Failure   Level  Hunger
 Ice Form                 Ice/Tmut       #.......     87%         4    #####..
 Blade Hands              Tmut           ##........   94%         5    ######.


Dungeon Overview and Level Annotations

Branches:
Dungeon (4/15)
 Temple: D:4-7

Altars:
Fedhas
Ru

Annotations:
D:2 1 runed translucent door, Crazy Yiuf


Innate Abilities, Weirdness & Mutations

((Your plain brown scales are hard. (AC +5)))
You cannot fit into any form of body armour.
((You are cold-blooded and may be slowed by cold attacks.))


Message History

Your magical contamination has completely faded away.
There is a stone staircase leading up here.
You hit the ogre.
The ogre is poisoned.
The ogre is lightly wounded.
The ogre hits you with a +0 giant club!!
Ouch! That really hurt!
You bite the ogre!
The ogre looks as sick as possible!
The ogre is moderately wounded.
The ogre misses you.
You hit the ogre but do no damage.
The ogre looks as sick as possible!
The ogre is moderately wounded.
Your transformation is almost over.
You hit the ogre.
The ogre looks as sick as possible!
The ogre is severely wounded.
The ogre barely misses you.
You hit the ogre.
The ogre looks as sick as possible!
The ogre is almost dead.
The ogre hits you with a +0 giant club!!
Ouch! That really hurt!
You die...

#. ####################### #.
#.....................# #.
#.######..###########.# #. #.#
#..#.........#.# #. #.#
#..#.#######.#.# #.
######.######..#..#####<.#.#####.
.................................
######.######...sO.........####.#
######.#######.#.#.##......####.#
................................#
######)#######.#.#......##......#
#.# #.#.#####.###......# #.#
#.#................# #.#
#................... #.#
##########.##.......
######.################.##.......


You could see an ogre.

Vanquished Creatures
  A howler monkey (D:3)
  An adder (D:3)
  A worm (D:2)
  2 dart slugs
  A leopard gecko (D:2)
  5 bats
  A giant cockroach (D:1)
  8 goblins
  4 hobgoblins
  5 jackals (D:1)
  7 kobolds
  A quokka (D:3)
  3 ball pythons
  4 frilled lizards (D:1)
  7 rats
51 creatures vanquished.

Vanquished Creatures (collateral kills)
  A bat (D:1)
  A hobgoblin (D:3)
2 creatures vanquished.

Grand Total: 53 creatures vanquished

Notes
Turn   | Place    | Note
-------+----------+-------------------------------------------
     0 | D:1      | AlterAsc the Draconian Transmuter began the quest for the
                  | Orb.
     0 | D:1      | Reached XP level 1. HP: 16/16 MP: 3/3
   155 | D:1      | Reached XP level 2. HP: 23/23 MP: 3/5
   221 | D:1      | Learned a level 2 spell: Sticks to Snakes
   842 | D:2      | Reached XP level 3. HP: 28/28 MP: 4/6
   874 | D:2      | You fall into a shaft and drop 1 floor!
   874 | D:3      | Found a blossoming altar of Fedhas.
   900 | D:3      | Found a sacrificial altar of Ru.
  1552 | D:2      | Found a runed translucent door.
  1553 | D:2      | Noticed Crazy Yiuf
  1748 | D:3      | Reached XP level 4. HP: 31/36 MP: 6/8
  2120 | D:4      | Noticed an ogre
  2160 | D:2      | Learned a level 3 spell: Spider Form
  2402 | D:3      | Mangled by an ogre

Levels and vault maps discovered:
D:1:      minmay_arrival_open_corners, layout_basic
D:2:      layout_loops_ring, uniq_crazy_yiuf_cottage
D:3:      layout_basic, old_standard_altar, lemuel_crystal_altar
D:4:      layout_basic, lemuel_crystal_altar, lemuel_coloured_pillars_altar,
          first_ration, chequers_serial_rivers_micro_e, okawaru_trees_1,
          uniq_pikel

Skill      XL: |  1  2  3  4 |
---------------+-------------+-----
Dodging        | 2 |  2.0
Fighting       | 2 |  2.1
Spellcasting   | 3 |  3.0
Transmutations | 3 |  3.0
Unarmed Combat | |  3.5

Action                   |  1- 3 |  4- 6 || total
-------------------------+-------+-------++-------
Melee: Unarmed           |   145 |    14 ||   159
       Tailslap          |    13 |     1 ||    14
       Kick              |     5 |     1 ||     6
       Headbutt          |     4 |       ||     4
       Punch             |     1 |       ||     1
 Cast: Beastly Appendage |    12 |     2 ||    14
       Sticks to Snakes  |     3 |     1 ||     4
       Spider Form       |       |     2 ||     2
 Stab: Sleeping          |     3 |       ||     3
  Eat: Chunk             |     2 |     2 ||     4
       Ration            |       |     1 ||     1
Armor: Skin              |    34 |     3 ||    37
Dodge: Dodged            |    90 |    22 ||   112
